 Dungeon Crawl Stone Soup version 0.17-a0-877-ga10078a (webtiles) character file.

2573 RobertPalmer the Nimble (level 9, 16/40 HPs)
             Began as a Vine Stalker Transmuter on Apr 30, 2015.
             Quit the game on level 7 of the Dungeon.
             The game lasted 00:16:24 (6135 turns).

RobertPalmer the Nimble (Vine Stalker Transmuter)   Turns: 6135, Time: 00:16:24

Health: 16/40      AC:  5    Str: 13    XL:     9   Next: 57%
Magic:  18/22      EV: 19    Int: 13    God:
Gold:   405        SH:  0    Dex: 18    Spells: 2 memorised, 9 levels left

rFire  . . .     SeeInvis .       - Unarmed
rCold  . . .     Clarity  .     b - +0 robe
rNeg   + . .     SustAb   .     (no shield)
rPois  .         Gourm    +     (no helmet)
rElec  .         Spirit   +     (no cloak)
rCorr  .         Warding  .     f - +1 pair of gloves
rMut   .         Stasis   .     (boots currently unavailable)
MR     +....                    u - amulet of the gourmand {Gourm, !d}
Stlth  ++........               s - ring of positive energy {rN+}
                                m - ring of magical power {MP+9}

@: lethally poisoned (16 -> -17), appendage (expiring), somewhat resistant to
hostile enchantments, unstealthy
A: fangs 3, talons 3, regeneration 2, shaggy fur 1, magic shield, antimagic
bite, no device heal 3, rot immunity
a: End Transformation


You were on level 7 of the Dungeon.
You were completely stuffed.
You had grown temporary talons.
You visited 1 branch of the dungeon, and saw 7 of its levels.
You also visited: Ossuary.

You collected 405 gold pieces.

Inventory:

Hand weapons
 g - a +0 blowgun
   (You took it off a kobold on level 6 of the Dungeon)
Missiles
 a - 52 arrows
 o - 14 poisoned needles
Armour
 b - a +0 robe (worn)
 f - a +1 pair of gloves (worn)
   (You found it on level 1 of the Dungeon)
Jewellery
 m - a ring of magical power (left hand) {MP+9}
   (You found it on level 3 of the Dungeon)
 s - a ring of positive energy (right hand) {rN+}
   (You found it on level 4 of the Dungeon)
 u - an amulet of the gourmand (around neck) {Gourm, !d}
   (You found it on level 3 of the Dungeon)
 y - an uncursed ring of positive energy {rN+}
   (You found it on level 4 of the Dungeon)
Magical devices
 l - a wand of confusion (0)
   (You took it off Natasha on level 3 of the Dungeon)
 D - a wand of digging (11)
   (You found it in an ossuary)
 F - a wand of polymorph (9)
   (You found it in an ossuary)
Scrolls
 e - 3 scrolls of teleportation
 k - a scroll of fear
 n - 3 scrolls of remove curse
 q - 2 scrolls of amnesia
 v - a scroll of blinking {!r}
 z - a scroll of identify
 H - 2 scrolls of fog
 I - a scroll of enchant weapon
Potions
 h - 3 potions of cancellation
 i - 2 potions of brilliance
 t - 3 potions of agility
 A - a potion of poison {!q}
 G - a potion of might
Books
 c - a book of Changes
 B - a book of Party Tricks
   (You found it on level 5 of the Dungeon)
 C - a Grand Grimoire {highlevel, unknown}
   (You found it on level 5 of the Dungeon)
Comestibles
 d - 7 bread rations {@e1}
 j - 7 fruits
 p - 6 meat rations {@e2}
 r - 2 chunks of flesh {@w0}
 w - a beef jerky
 x - 2 slices of pizza


   Skills:
 - Level 0.8 Fighting
 + Level 9.4 Dodging
 - Level 7.0 Unarmed Combat
 - Level 2.1 Spellcasting
 - Level 2.0 Transmutations


You had 9 spell levels left.
You knew the following spells:

 Your Spells              Type           Power        Failure   Level  Hunger
a - Beastly Appendage     Trmt           #.....       12%         1    ##.....
s - Sticks to Snakes      Trmt           #.........   17%         2    ###....


Dungeon Overview and Level Annotations

Branches:
Dungeon (7/15)
 Temple: D:4-7

Altars:

Annotations:
D:2 exclusion: Crazy Yiuf, Crazy Yiuf
D:4 g1smo's ghost, experienced GrMo


Innate Abilities, Weirdness & Mutations

You have razor-sharp teeth.
You heal very quickly.
You are covered in fur (AC +1).
When hurt, damage is shared between your health and your magic reserves.
Your bite disrupts and absorbs the magic of your enemies.
Potions and wands cannot restore your health.
You are immune to rotting.
You have claws for feet.


Message History

You are poisoned.
The adder poisons you!
There is a stone staircase leading up, spattered with blood here.
You see here 3 arrows.
You take 6 damage, and have 34/40 hp.
You now have 18/22 mp.
You feel sick.
The centaur unwields an uncursed shortbow.
The centaur completely misses you.
You take 1 damage, and have 33/40 hp.
Unknown command.
You barely miss the centaur.
The centaur hits you but does no damage.
The adder closely misses you. The centaur barely misses you.
You hit the centaur. You bite the centaur! You drain its power.
You feel invigorated. The adder completely misses you.
The centaur hits you but does no damage.
MP restored: 22 You punch the centaur!
You feel sick. The adder closely misses you. The centaur barely misses you.
The adder closely misses you.
A rat comes into view.
You punch the centaur! You bite the centaur. You drain its power.
You kill the centaur!
The adder bites you but does no damage.
You hit the adder. Your bite misses the adder. The adder barely misses you.
You hit the adder. The adder bites you but does no damage.
You hit the adder.
You kill the adder!
You feel sick.
There is a stone staircase leading up, spattered with blood here.
You see here 3 arrows.
The rat closely misses you.
You closely miss the rat. Your bite misses the rat.
The rat completely misses you.
A rat comes into view.
You punch the rat!
You kill the rat!
You feel sick.
You take 1 damage, and have 36/40 hp.
You barely miss the rat. Your bite misses the rat.
The rat bites you but does no damage.
You punch the rat!
You kill the rat!
You feel sick.
You are no longer poisoned.
You take 1 damage, and have 37/40 hp.
You now have 405 gold pieces (gained 12).
Health restored: 40 A water moccasin comes into view.
The water moccasin hisses angrily.
There is a stone staircase leading up, spattered with blood here.
You see here 3 arrows.
Things that are here:
an uncursed shortbow; 9 arrows You closely miss the water moccasin.
Your bite misses the water moccasin. The water moccasin bites you.
The water moccasin completely misses you.
You take 2 damage, and have 38/40 hp.
You hit the water moccasin but do no damage.
The water moccasin closely misses you.
You hit the water moccasin but do no damage.
The water moccasin closely misses you.
You closely miss the water moccasin. The water moccasin bites you!
You are poisoned.
The water moccasin poisons you!
You take 5 damage, and have 34/40 hp.
You now have 20/22 mp.
You hit the water moccasin. Your bite misses the water moccasin.
You feel sick. The water moccasin bites you.
You are more poisoned.
The water moccasin poisons you!
You take 2 damage, and have 32/40 hp.
You now have 19/22 mp.
Your feet morph into talons.
You feel sick. The water moccasin bites you.
You are more poisoned.
The water moccasin poisons you! The water moccasin bites you.
You are more poisoned.
The water moccasin poisons you!
You take 6 damage, and have 26/40 hp.
You now have 15/22 mp.
You barely miss the water moccasin. You bite the water moccasin.
You drain its power.
You feel invigorated.
You feel very sick. The water moccasin closely misses you.
You take 3 damage, and have 23/40 hp.
You regained 2 mp, and now have 17/22 mp.
Unknown command.
You hit the water moccasin but do no damage.
You feel very sick. The water moccasin misses you.
A scorpion comes into view.
You take 4 damage, and have 19/40 hp.
Unknown command.
You closely miss the water moccasin. Your bite misses the water moccasin.
Your transformation is almost over.
You feel very sick.
The water moccasin completely misses you.
The water moccasin barely misses you.
You take 3 damage, and have 16/40 hp.
Drink which item? (? for menu, Esc to quit)
Okay, then.
Okay, then.
Drink which item? (? for menu, Esc to quit)
Okay, then.

....# #### ...## ##
#.. ..## #.. #.# ###
###..####.####
###............####.
...............s....
##..#..........#####
.#..........#
.........S@..#
...#.(......).# .
#..........#
#..........#
#..........#
###########


You could see a water moccasin and a scorpion.

Vanquished Creatures
  Eustachio (D:5)
  2 wraiths (Ossuary)
  A hippogriff (D:6)
  Duvessa (D:5)
  An orc warrior (D:6)
  An ice beast (D:5)
  A centaur (D:7)
  A sky beast (D:5)
  2 ogres
  2 phantoms (D:4)
  Dowan (D:5)
  A scorpion (D:6)
  7 wights
  2 crimson imps
  5 hounds
  2 orc priests
  A jelly (D:6)
  A centaur skeleton (D:5)
  An iguana (D:6)
  Natasha (thrice) (D:3)
  An orc wizard (D:6)
  6 worker ants
  A hound zombie (D:5)
  10 adders
  4 gnolls (D:3)
  2 shadow imps (D:6)
  2 oozes
  A worm (D:2)
  5 giant geckos
  13 orcs
  7 bats
  A bat zombie (D:5)
  2 giant cockroaches
  10 goblins
  14 hobgoblins
  10 jackals
  7 kobolds
  2 quokkas
  A ball python (D:1)
  A ball python skeleton (Ossuary)
  A giant gecko zombie (D:5)
  2 giant newts
  2 hobgoblin skeletons (Ossuary)
  A hobgoblin zombie (Ossuary)
  A jackal zombie (D:5)
  A kobold zombie (Ossuary)
  An orc skeleton (Ossuary)
  A quokka zombie (D:5)
  15 rats
162 creatures vanquished.

Vanquished Creatures (collateral kills)
  An ogre (D:4)
1 creature vanquished.

Grand Total: 163 creatures vanquished

Notes
Turn   | Place    | Note
--------------------------------------------------------------
     0 | D:1      | RobertPalmer, the Vine Stalker Transmuter, began the quest for the Orb.
     0 | D:1      | Reached XP level 1. HP: 9/9 MP: 4/4
   128 | D:1      | Reached XP level 2. HP: 10/14 MP: 4/6
   833 | D:2      | Noticed Crazy Yiuf
   868 | D:2      | Reached skill level 4 in Unarmed Combat
   974 | D:2      | Reached XP level 3. HP: 17/17 MP: 7/7
  1511 | D:3      | Reached XP level 4. HP: 12/21 MP: 4/8
  1527 | D:3      | Noticed Natasha
  1535 | D:3      | Killed Natasha
  1535 | D:3      | Reached skill level 5 in Unarmed Combat
  1535 | D:3      | HP: 4/21 [rat (2)]
  1711 | D:3      | Noticed Natasha
  1727 | D:3      | Killed Natasha
  1827 | D:3      | Reached XP level 5. HP: 15/25 MP: 6/9
  1989 | D:3      | Noticed Natasha
  1995 | D:3      | Killed Natasha
  2317 | D:3      | HP: 6/25 [orc priest/enchanted short sword (4)]
  2321 | D:3      | Reached skill level 6 in Unarmed Combat
  2322 | D:3      | HP: 6/25 [orc/club (1)]
  2617 | D:4      | Gained mutation: You heal very quickly. [Vine Stalker growth]
  2617 | D:4      | Reached XP level 6. HP: 20/29 MP: 7/10
  2654 | D:4      | Noticed a phantom
  2702 | D:4      | Killed a phantom
  2702 | D:4      | Reached skill level 7 in Unarmed Combat
  2753 | D:4      | Noticed g1smo's ghost (experienced GrMo)
  2836 | D:4      | Noticed an ogre
  2859 | D:4      | Learned a level 2 spell: Sticks to Snakes
  2925 | D:4      | Noticed a phantom
  2969 | D:4      | Killed a phantom
  2969 | D:4      | Reached skill level 2 in Dodging
  3015 | D:4      | Reached XP level 7. HP: 32/32 MP: 11/11
  3175 | D:4      | Reached skill level 3 in Dodging
  3207 | D:4      | Noticed an ogre
  3239 | D:4      | Killed an ogre
  3585 | D:4      | Killed an ogre
  3585 | D:4      | Reached skill level 4 in Dodging
  3640 | D:4      | HP: 3/32 [g1smo's ghost (12)]
  3786 | D:5      | Entered Level 5 of the Dungeon
  3810 | D:5      | Noticed Eustachio
  3835 | D:5      | Killed Eustachio
  3872 | D:5      | Reached skill level 5 in Dodging
  3872 | D:5      | Gained mutation: You have razor-sharp teeth. [Vine Stalker growth]
  3872 | D:5      | Reached XP level 8. HP: 27/37 MP: 9/12
  4182 | D:5      | Noticed Duvessa
  4418 | D:5      | Reached skill level 6 in Dodging
  4640 | D:5      | Noticed Dowan
  4668 | D:5      | Killed Dowan
  4809 | D:5      | Killed Duvessa
  4876 | D:6      | Reached skill level 7 in Dodging
  4942 | D:6      | Found a sand-covered staircase.
  4965 | Ossuary  | Entered an ossuary
  5081 | Ossuary  | Noticed a flying skull
  5099 | Ossuary  | Noticed a flying skull
  5121 | Ossuary  | Noticed a flying skull
  5127 | Ossuary  | Noticed a flying skull
  5143 | Ossuary  | Noticed a flying skull
  5231 | Ossuary  | Reached XP level 9. HP: 24/40 MP: 13/13
  5299 | Ossuary  | Reached skill level 8 in Dodging
  5649 | D:6      | Reached skill level 9 in Dodging
  6135 | D:7      | Quit the game

Action                   |  1- 3 |  4- 6 |  7- 9 || total
-------------------------+-------+-------+-------++-------
Melee: Unarmed           |   122 |   143 |   399 ||   664
 Cast: Beastly Appendage |       |     9 |    23 ||    32
       Sticks to Snakes  |       |     4 |    11 ||    15
Evoke: Wand              |       |     1 |     4 ||     5
  Use: Scroll            |     1 |     6 |     8 ||    15
       Potion            |       |       |     8 ||     8
 Stab: Confused          |       |     3 |       ||     3
       Sleeping          |       |       |     2 ||     2
       Distracted        |       |       |     1 ||     1
  Eat: Chunk             |     1 |    14 |    17 ||    32

Vault maps used:
D:1:      dpeg_arrival_three_same_balls
D:2:      first_bread, kennysheep_flooded_box, uniq_crazy_yiuf_cottage
D:3:      serial_corexii_hall, corexii_hall_statues_u, corexii_hall_statues_t,
          minmay_misc_feat_chi, uniq_natasha
D:4:      st_stairs_8, kennysheep_generic_room_14
D:5:      uniq_eustachio, uniq_duvessa
D:6:      enter_ossuary_1
D:7:      minmay_temple_entry_fiery, the_bakery, hangedman_minor_gate_pass
Ossuary:  ossuary_due_cavern

Table legend:
 A = Turns spent in this place as a percentage of turns spent in the entire game.
 B = Non-inter-level travel turns spent in this place as a percentage of non-inter-level travel turns spent in the entire game.
 C = Inter-level travel turns spent in this place as a percentage of turns spent in this place.
 D = Turns resting spent in this place as a percentage of non-inter-level travel turns spent in this place.
 E = Turns spent auto-exploring this place as a percentage of non-inter-level travel turns spent in this place.
 F = Non-inter-level travel turns spent in this place divided by the number of levels of this place that you've seen.
                   A       B       C       D       E      F
               +-------+-------+-------+-------+-------+----------------------
         Total | 100.0 | 100.0 |   0.4 |   1.1 |   7.2 | 338.1
       Dungeon |  86.7 |  86.7 |   0.4 |   1.0 |   8.3 | 335.0
       Ossuary |  13.3 |  13.3 |   0.0 |   1.7 |   0.0 | 360.0
               +-------+-------+-------+-------+-------+----------------------

Table legend:
 A = Kills in this place as a percentage of kills in entire the game.
 B = Kills by you in this place as a percentage of kills by you in the entire game.
 C = Kills by friends in this place as a percentage of kills by friends in the entire game.
 D = Other kills in this place as a percentage of other kills in the entire game.
 E = Experience gained in this place as a percentage of experience gained in the entire game.
 F = Experience gained in this place divided by the number of levels of this place that you have seen.
                   A       B       C       D       E      F
               +-------+-------+-------+-------+-------+----------------------
         Total | 100.0 | 100.0 | 100.0 |  -nan | 100.0 | 459.6
       Dungeon |  92.6 |  92.6 | 100.0 |  -nan |  83.2 | 437.1
       Ossuary |   7.4 |   7.4 |   0.0 |  -nan |  16.8 | 617.0
               +-------+-------+-------+-------+-------+----------------------
